 Dungeon Crawl Stone Soup version 0.23.2-40-g277498a001 (webtiles) character file.

Game seed: 936557030313027960

45 Amplified the Grave Robber (level 3, -3/30 HPs)
             Began as a Hill Orc Necromancer on Sept 24, 2019.
             Slain by a quokka (4 damage)
             ... on level 2 of the Dungeon.
             The game lasted 00:04:59 (1669 turns).

Amplified the Grave Robber (Hill Orc Necromancer)   Turns: 1669, Time: 00:05:00

Health: -3/30      AC:  2    Str: 10    XL:     3   Next: 64%
Magic:  0/5        EV: 12    Int: 16    God:
Gold:   107        SH:  0    Dex: 11    Spells: 3/5 levels left

rFire    . . .     SeeInvis .   g - +0 whip
rCold    . . .     Gourm    .   (no shield)
rNeg     . . .     Faith    .   a - +0 robe
rPois    .         Spirit   .   (no helmet)
rElec    .         Reflect  .   (no cloak)
rCorr    .         Harm     .   (no gloves)
MR       .....                  (no boots)
Stlth    ++........             (no amulet)
HPRegen  0.10/turn              b - ring of wizardry
MPRegen  0.09/turn              (no ring)

@: no status effects
A: no striking features
a: no special abilities


You were on level 2 of the Dungeon.
You were very hungry.

You visited 1 branch of the dungeon, and saw 3 of its levels.

You collected 107 gold pieces.

Inventory:

Hand Weapons
 g - a +0 whip (weapon)
Armour
 a - a +0 robe (worn)
Jewellery
 b - a ring of wizardry (left hand)
Wands
 f - a wand of digging (4)
Scrolls
 h - a scroll of magic mapping
Comestibles
 c - 3 rations
 d - a chunk of flesh


   Skills:
 * Level 2.6 Fighting
 - Level 1.5 Dodging
 - Level 1.5 Stealth
 - Level 1.5 Spellcasting
 * Level 4.6 Necromancy


You had 3 spell levels left.
You knew the following spells:

 Your Spells              Type           Power        Failure   Level  Hunger
a - Pain                  Necr           ###.         1%          1    ##.....
b - Animate Skeleton      Necr           N/A          1%          1    ##.....

Your spell library contained the following spells:

 Spells                   Type           Power        Failure   Level  Hunger
 Vampiric Draining        Necr           ###.......   4%          3    ####...
 Regeneration             Chrm/Necr      #.........   11%         3    ####...
 Animate Dead             Necr           N/A          13%         4    #####..


Dungeon Overview and Level Annotations

Branches:
Dungeon (3/15)

Altars:


Message History

* * * LOW HITPOINT WARNING * * *
Casting: Pain (safe; 1% risk of failure)
Confirm with . or Enter, or press ? or * to list all spells.
Aiming: Pain (safe; 1% risk of failure)
Press: ? - help, Shift-Dir - straight line, f - adder
Aim: an adder (chance to defeat MR: 80%)
The adder writhes in agony.
The adder closely misses you.
Casting: Pain (safe; 1% risk of failure)
Confirm with . or Enter, or press ? or * to list all spells.
Aiming: Pain (safe; 1% risk of failure)
Press: ? - help, Shift-Dir - straight line, f/p - adder
Aim: an adder (heavily wounded, chance to defeat MR: 80%)
The adder writhes in agony.
You kill the adder!
Casting: Pain (safe; 1% risk of failure)
Confirm with . or Enter, or press ? or * to list all spells.
You don't have enough magic to cast that spell.
Unknown command.
The quokka bites you.
You die...

.!...
#..................#...g.
....#####....#
.......#....#.##
.....g.g...###
########......##
....#######.## #......##
....# ##g## #....r.##
....# ##.## #......S#
...)# ##g## #######..
....# ##r## ### #####
##@# ###


You could see a quokka and 2 goblins.

Vanquished Creatures
  An adder (D:2)
  A leopard gecko (D:3)
  A giant cockroach (D:1)
  7 goblins
  2 hobgoblins (D:1)
  5 jackals (D:1)
  4 bats
  2 frilled lizards
  7 kobolds
  5 rats
35 creatures vanquished.

Vanquished Creatures (collateral kills)
  A kobold (D:1)
1 creature vanquished.

Grand Total: 36 creatures vanquished

Notes
Turn   | Place    | Note
-------+----------+-------------------------------------------
     0 | D:1      | Amplified the Hill Orc Necromancer began the quest for the
                  | Orb.
     0 | D:1      | Reached XP level 1. HP: 14/14 MP: 3/3
   195 | D:1      | Reached skill level 1 in Fighting
   200 | D:1      | Learned a level 1 spell: Animate Skeleton
   293 | D:1      | Reached XP level 2. HP: 13/23 MP: 0/4
   352 | D:1      | You fall through a shaft!
  1046 | D:1      | Reached XP level 3. HP: 14/29 MP: 0/5
  1669 | D:2      | Slain by a quokka

Skill      XL: |  1  2 |
---------------+-------+-----
Fighting       | 1 2 |  2.6
Dodging        | |  1.5
Stealth        | |  1.5
Spellcasting   | |  1.5
Necromancy     | |  4.6

Action                   || total
-------------------------++-------
Melee: Unarmed           ||    17
       Whip              ||    11
 Cast: Pain              ||    69
       Animate Skeleton  ||     6
Evoke: Wand              ||     1
  Use: Scroll            ||     3
       Potion            ||     2
 Stab: Distracted        ||     1
  Eat: Chunk             ||     3
Armor: Robe              ||    17
Dodge: Dodged            ||    88
